 Dungeon Crawl Stone Soup version 0.24.0-10-g970556be89 (webtiles) character file.

Game seed: 8884939911899161420, levelgen mode: deterministic

636568 lilbarb the Intangible (level 27, -7/246 HPs)
             Began as a Merfolk Gladiator on Nov 3, 2019.
             Was the Champion of Yredelemnul.
             Killed from afar by a Killer Klown (38 damage)
             ... with a klown pie
             ... on level 5 of the Realm of Zot on Nov 4, 2019.
             The game lasted 05:13:03 (71978 turns).

lilbarb the Intangible (Merfolk Gladiator)         Turns: 71978, Time: 05:13:07

Health: -7/246     AC: 40    Str: 21    XL:     27
Magic:  19/19      EV: 29    Int: 16    God:    Yredelemnul [******]
Gold:   5764       SH: 19    Dex: 23    Spells: 26/26 levels left

rFire    + + .     SeeInvis .   b - +9 demon trident of the Median {pierce, rElec Str+2 Int+6}
rCold    + . .     Gourm    .   E - +4 shield {AC+3}
rNeg     + + .     Faith    +   R - +7 chain mail of the Equator {+Inv}
rPois    .         Spirit   .   (helmet restricted)
rElec    +         Reflect  .   k - +2 cloak {MR+}
rCorr    .         Harm     .   o - +2 pair of gloves
MR       ++++.                  B - +1 pair of boots
Stlth    +.........             D - amulet of faith
HPRegen  0.51/turn              A - ring "Seirr" {rF++ rN+ MR+ MP-9 Stlth+}
MPRegen  0.16/turn              h - ring of Nemmogao {rC+ rN+ AC+3 Slay+5 Stlth+}

@: no potions
A: change form in water, swift swim, stealthy swim, antennae 1, icy blue scales
1, agile 1, low mp 1, electricity resistance
}: 4/15 runes: serpentine, barnacled, silver, abyssal
a: Recall Undead Slaves, Injury Mirror, Animate Dead, Drain Life, Enslave Soul,
Renounce Religion, Evoke Invisibility


You were on level 5 of the Realm of Zot.
You worshipped Yredelemnul.
Yredelemnul was exalted by your worship.
You were full.

You visited 10 branches of the dungeon, and saw 50 of its levels.
You visited the Abyss 2 times.

You collected 7434 gold pieces.
You spent 1670 gold pieces at shops.

Inventory:

Hand Weapons
 a - a +9 demon trident of flaming
 b - the +9 demon trident of the Median (weapon) {pierce, rElec Str+2 Int+6}
   (You acquired it on level 3 of the Realm of Zot)

   It inflicts extra damage upon your enemies.
   It affects your strength (+2).
   It affects your intelligence (+6).
   It insulates you from electricity.
Missiles
 d - 13 throwing nets
 j - 158 poisoned darts
 u - 63 boomerangs (quivered)
Armour
 k - a +2 cloak of magic resistance (worn)
 o - a +2 pair of gloves (worn)
 B - a +1 pair of boots (worn)
 E - a +4 shield of protection (worn)
 R - the +7 chain mail of the Equator (worn) {+Inv}
   (You found it on level 3 of the Elven Halls)

   It lets you turn invisible.
Jewellery
 h - the ring of Nemmogao (right hand) {rC+ rN+ AC+3 Slay+5 Stlth+}
   (You took it off a merfolk on level 4 of the Shoals)

   [ring of protection]

   It affects your AC (+3).
   It affects your accuracy and damage with ranged weapons and melee attacks
   (+5).
   It protects you from cold.
   It protects you from negative energy.
   It makes you more stealthy.
 A - the ring "Seirr" (left hand) {rF++ rN+ MR+ MP-9 Stlth+}
   (You found it on level 4 of the Realm of Zot)

   [ring of positive energy]

   It greatly protects you from fire.
   It protects you from negative energy.
   It affects your resistance to hostile enchantments.
   It affects your magic capacity (-9).
   It makes you more stealthy.
 D - an amulet of faith (around neck)
 F - an uncursed ring of protection from cold
 G - the ring of the Ego {+Inv +Fly rC+ Str+2 Int+3}
   (You found it on level 3 of the Depths)

   [ring of intelligence]

   It affects your strength (+2).
   It affects your intelligence (+3).
   It protects you from cold.
   It lets you turn invisible.
   It lets you fly.
 H - an uncursed ring of poison resistance
 N - an uncursed ring of resist corrosion
 S - an uncursed ring of protection from fire
 V - an uncursed ring of positive energy
 Z - an uncursed ring of protection from magic
Wands
 e - a wand of iceblast (10)
 q - a wand of scattershot (8)
 C - a wand of flame (23)
 M - a wand of clouds (12)
 P - a wand of acid (14)
Scrolls
 g - 2 scrolls of summoning
 l - 28 scrolls of remove curse
 m - 14 scrolls of amnesia
 n - 6 scrolls of magic mapping
 s - 6 scrolls of fog
 y - 24 scrolls of teleportation
 K - 5 scrolls of enchant weapon
 O - 6 scrolls of fear
 X - 15 scrolls of identify
Potions
 c - a potion of invisibility
 i - 12 potions of mutation
 p - 17 potions of brilliance
 r - 7 potions of flight
 t - 6 potions of might
 v - 9 potions of cancellation
 w - 3 potions of magic
 x - 3 potions of resistance
 z - 22 potions of curing
 I - 6 potions of heal wounds
 L - 3 potions of ambrosia
 Q - 5 potions of berserk rage
 T - 6 potions of haste
 W - a potion of agility
Miscellaneous
 U - a lamp of fire
Comestibles
 f - 44 rations


   Skills:
 + Level 26.4 Fighting
 * Level 22.3 Polearms
 - Level 2.0 Throwing
 + Level 19.1 Armour
 O Level 27 Dodging
 - Level 15.0 Shields
 - Level 12.0 Invocations


You had 26 spell levels left.
You didn't know any spells.
Your spell library contained the following spells:

 Spells                   Type           Power        Failure   Level  Hunger
 Animate Skeleton         Necr           N/A          69%         1    ##.....
 Beastly Appendage        Tmut           #.....       69%         1    ##.....
 Corona                   Hex            #......      69%         1    ##.....
 Flame Tongue             Conj/Fire      #....        69%         1    ##.....
 Magic Dart               Conj           #...         69%         1    ##.....
 Pain                     Necr           #...         69%         1    ##.....
 Sandblast                Erth           #.....       69%         1    ##.....
 Shock                    Conj/Air       #...         69%         1    ##.....
 Sting                    Conj/Pois      #...         69%         1    ##.....
 Blink                    Tloc           N/A          83%         2    ###....
 Call Imp                 Summ           #.......     83%         2    ###....
 Ensorcelled Hibernation  Hex/Ice        #.....       83%         2    ###....
 Passwall                 Tmut/Erth      #.......     83%         2    ###....
 Poisonous Vapours        Pois/Air       #.....       83%         2    ###....
 Slow                     Hex            #.......     83%         2    ###....
 Sticks to Snakes         Tmut           #.......     83%         2    ###....
 Swiftness                Chrm/Air       #.......     83%         2    ###....
 Throw Flame              Conj/Fire      #.....       83%         2    ###....
 Confuse                  Hex            #.......     96%         3    ####...
 Conjure Flame            Conj/Fire      #.......     96%         3    ####...
 Dazzling Spray           Conj/Hex       #.....       96%         3    ####...
 Gell's Gravitas          Tloc           #.........   96%         3    ####...
 Inner Flame              Hex/Fire       #.......     96%         3    ####...
 Mephitic Cloud           Conj/Pois/Air  #.......     96%         3    ####...
 Portal Projectile        Hex/Tloc       #.....       96%         3    ####...
 Recall                   Summ/Tloc      N/A          96%         3    ####...
 Regeneration             Chrm/Necr      #.........   96%         3    ####...
 Spider Form              Tmut/Pois      #.........   96%         3    ####...
 Static Discharge         Conj/Air       #.......     96%         3    ####...
 Stone Arrow              Conj/Erth      #.....       96%         3    ####...
 Tukima's Dance           Hex            #.......     96%         3    ####...
 Vampiric Draining        Necr           #.........   96%         3    ####...
 Airstrike                Air            #.........   100%        4    #####..
 Animate Dead             Necr           N/A          100%        4    #####..
 Force Lance              Conj/Tloc      #.......     100%        4    #####..
 Ice Form                 Ice/Tmut       #.......     100%        4    #####..
 Olgreb's Toxic Radiance  Pois           #.......     100%        4    #####..
 Petrify                  Tmut/Erth      #.......     100%        4    #####..
 Sticky Flame             Conj/Fire      #.......     100%        4    #####..
 Summon Lightning Spire   Summ/Air       #.......     100%        4    #####..
 Alistair's Intoxication  Tmut/Pois      #.......     100%        5    ######.
 Aura of Abjuration       Summ           #.........   100%        5    ######.
 Blade Hands              Tmut           #.........   100%        5    ######.
 Bolt of Magma            Conj/Fire/Erth #.........   100%        5    ######.
 Borgnjor's Vile Clutch   Necr/Erth      #.........   100%        5    ######.
 Fireball                 Conj/Fire      #.........   100%        5    ######.
 Irradiate                Conj/Tmut      #.........   100%        5    ######.
 Iskenderun's Battlesphe  Conj/Chrm      #.......     100%        5    ######.
 Lee's Rapid Deconstruct  Erth           #.........   100%        5    ######.
 Lightning Bolt           Conj/Air       #.........   100%        5    ######.
 Silence                  Hex/Air        #.........   100%        5    ######.
 Summon Demon             Summ           #.........   100%        5    ######.
 Summon Forest            Summ/Tloc      #.........   100%        5    ######.
 Summon Mana Viper        Hex/Summ       #.......     100%        5    ######.
 Venom Bolt               Conj/Pois      #.........   100%        5    ######.
 Conjure Ball Lightning   Conj/Air       #.........   100%        6    #######
 Darkness                 Hex            #.........   100%        6    #######
 Deflect Missiles         Chrm/Air       #.........   100%        6    #######
 Dispersal                Tloc           #.........   100%        6    #######
 Hydra Form               Tmut           #.........   100%        6    #######
 Iron Shot                Conj/Erth      #.........   100%        6    #######
 Poison Arrow             Conj/Pois      #.........   100%        6    #######
 Shadow Creatures         Summ           N/A          100%        6    #######
 Statue Form              Tmut/Erth      #........    100%        6    #######
 Dragon Form              Tmut           #.........   100%        7    #######
 Orb of Destruction       Conj           #.........   100%        7    #######
 Spellforged Servitor     Conj/Summ      #.........   100%        7    #######
 Chain Lightning          Conj/Air       #.........   100%        8    #######
 Controlled Blink         Tloc           N/A          100%        8    #######
 Disjunction              Tloc           #.........   100%        8    #######
 Ignition                 Fire           #.........   100%        8    #######
 Lehudib's Crystal Spear  Conj/Erth      #.........   100%        8    #######
 Fire Storm               Conj/Fire      #.........   100%        9    #######
 Glaciate                 Conj/Ice       #.........   100%        9    #######
 Shatter                  Erth           #.........   100%        9    #######
 Tornado                  Air            #.........   100%        9    #######


Dungeon Overview and Level Annotations

Branches:
Dungeon (15/15)            Temple (1/1) D:6            Lair (6/6) D:11
 Shoals (4/4) Lair:3        Snake (4/4) Lair:2        Slime (0/5) Lair:5
    Orc (2/2) D:12            Elf (3/3) Orc:2        Vaults (5/5) D:13
  Crypt (0/3) Vaults:2     Depths (5/5) D:15            Zot (5/5) Depths:5

Altars:
Ashenzari
Cheibriados
Dithmenos
Elyvilon
Fedhas
Gozag
Hepliaklqana
Kikubaaqudgha
Makhleb
Nemelex Xobeh
Okawaru
Qazlal
Ru
Sif Muna
Trog
Uskayaw
Vehumet
Wu Jian
Xom
Yredelemnul
Zin
The Shining One
Beogh
Jiyva

Shops:
Orc:2 (%(   Shoals:3 (   Snake:1 !?   Snake:2 [=}}   Vaults:4 ?   Depths:1 [

Portals:
Hell: Depths:1 Depths:2 Depths:4 Depths:5
Abyss: Depths:2 Depths:4
Pandemonium: Depths:1 Depths:3 Depths:4 Depths:5
Ziggurat: Depths:5

Annotations:
D:1 exclusion: downstairs
D:3 exclusion: downstairs
D:5 1 runed translucent door
D:8 3 runed translucent doors
Lair:4 3 runed translucent doors, Ceyroiss's ghost, journeyman HuWn
Lair:6 exclusion: 2 oklob plants
Shoals:3 Roxanne
Elf:3 3 runed translucent doors, Kaobra's ghost, adept GnWz
Depths:1 2 transporters, frimble's ghost, adept DsGl
Depths:2 4 runed translucent doors
Depths:3 exclusion: 3 obsidian statues
Zot:1 2 transporters, Pyvvian's ghost, veteran MiFi


Innate Abilities, Weirdness & Mutations

You revert to your normal form in water.
You are very nimble and swift while swimming.
You are very stealthy in the water. (Stealth+)
You have a pair of small antennae on your head.
You are partially covered in icy blue scales. (AC +2)
You are agile. (Dex +2)
Your magical capacity is low. (-10% MP)
You are resistant to electric shocks. (rElec)


Message History

You block the death cob's attack.
You impale the death cob!!
The death cob is almost destroyed.
You block the death cob's attack. x2
You puncture the death cob!
The death cob is almost destroyed.
The death cob hits you but does no damage.
You impale the death cob!!
You destroy the death cob!
Yredelemnul accepts your kill.
You miss the Killer Klown.
The Killer Klown is severely wounded.
The Killer Klown strangle-hugs you but does no damage.
You puncture the Killer Klown!
The Killer Klown is almost dead.
The Killer Klown does a flip.
The Killer Klown throws klown pie at you.
The klown pie hits you!!!
Lemon!
You feel unable to drink.
You die...
Your body rises from the dead as a mindless zombie.

.$.............## #............[
........^.......# ##...........#
.........?^.....# #..........^#
.^.....†........# ##........^..#
.....).)........# #.............
.....)..p.......# ##[.)..........
......))........###..............
...............###.^.###########.
.....)......§§##@...## #
.............).p..###
.....##▓▓▓▓▓▓▓▓▓▓▓# ..... ..


You could see a Killer Klown.

Vanquished Creatures
  5 ancient liches
  An orb of fire (Zot:5)
  2 Killer Klowns
  Boris (Depths:4)
  A curse toe (Zot:4)
  Margery (Vaults:2)
  10 golden dragons
  A bone dragon (Abyss:2)
  A hellephant (Abyss:1)
  3 electric golems
  Rupert (D:15)
  13 tentacled monstrosities
  4 liches
  9 Orb Guardians (Zot:5)
  6 deep elf blademasters
  3 deep elf master archers (Elf:3)
  An Executioner (Abyss:2)
  2 titans
  4 sphinxes
  5 quicksilver dragons
  2 krakens
  9 death cobs
  10 tentacled starspawn
  11 storm dragons
  8 shadow dragons
  3 tengu reavers
  3 nagarajas (Snake:4)
  Kirke (D:15)
  6 draconian monks
  5 fire giants
  Ilsuiw (Shoals:4)
  5 deep elf sorcerers
  4 draconian knights
  A frost giant (shapeshifter) (Depths:3)
  7 frost giants
  A ghost moth (Zot:4)
  2 iron dragons (Vaults:5)
  5 draconian scorchers
  4 deep elf elementalists (Elf:3)
  12 vault wardens
  An angel (Abyss:3)
  4 draconian shifters
  14 ironheart preservers
  2 draconian annihilators
  3 draconian stormcallers
  16 stone giants
  19 very ugly things
  An entropy weaver (shapeshifter) (Depths:3)
  2 entropy weavers (Vaults:3)
  2 ophanim (Abyss:3)
  3 war gargoyles (Depths:3)
  Nessos (D:15)
  6 black draconians
  The ghost of Valus the Reanimator, a journeyman GnNe of Gozag (D:12)
  A vampire knight (Vaults:2)
  7 deep elf annihilators (Elf:3)
  4 yellow draconians
  5 green draconians
  9 white draconians
  3 lorocyprocas
  10 red draconians
  Azrael (Orc:2)
  A spark wasp (Depths:2)
  19 large abominations
  8 purple draconians
  5 deep elf death magi
  4 merfolk impalers
  15 yaktaur captains
  7 fire dragons
  A merfolk javelineer (Shoals:4)
  8 crystal guardians
  8 ettins
  5 deep elf high priests
  7 great orbs of eyes
  10 ice dragons
  4 hydras
  A hydra (shapeshifter) (Depths:3)
  2 spriggan air magi (Depths:2)
  26 vault guards
  A catoblepas (Shoals:2)
  4 merfolk aquamancers
  An alligator snapping turtle (Shoals:2)
  A satyr (Shoals:4)
  30 two-headed ogres
  8 centaur warriors
  5 naga warriors
  4 anacondas
  7 rakshasas
  A death knight (Vaults:1)
  Erica (D:11)
  9 ogre magi
  26 dancing weapons
  2 deep troll shamans
  2 merfolk avatars (Shoals:4)
  2 deep troll earth magi
  4 tengu warriors
  2 death yaks (Shoals:2)
  A hell hog (Abyss:3)
  6 thrashing horrors
  An orc high priest (Elf:2)
  2 shock serpents
  20 small abominations
  7 hell knights
  A spriggan berserker (Depths:5)
  A vampire mage (Depths:2)
  6 naga sharpshooters
  14 deep elf knights
  A shock serpent (shapeshifter) (Depths:4)
  4 wretched stars
  An iron troll (Depths:1)
  A soul eater (Abyss:2)
  An iron golem (Depths:3)
  13 skeletal warriors
  2 sixfirhies (Abyss:1)
  2 salamander mystics (Snake:3)
  2 death drakes (Depths:5)
  A spatial maelstrom (Abyss:2)
  A spark wasp zombie (Depths:1)
  2 shadow wraiths
  An unseen horror (shapeshifter) (Vaults:3)
  15 sea snakes
  2 cherubim (Abyss:3)
  2 unseen horrors (Vaults:1)
  5 glowing orange brains
  5 wizards
  A death drake (shapeshifter) (Depths:3)
  A deep troll (shapeshifter) (Depths:3)
  23 starcursed masses
  3 flayed ghosts
  6 lindwurms
  5 deep trolls
  16 deep elf archers
  A shadow demon (Abyss:3)
  An obsidian statue (Depths:3)
  2 phantasmal warriors (Vaults:5)
  4 harpies
  14 ironbrand convokers
  A naga ritualist (Snake:1)
  6 necromancers
  An orb spider (Abyss:2)
  6 mana vipers
  46 deep elf magi
  12 orc knights
  12 fauns
  An orc sorcerer (Elf:2)
  5 wolf spiders
  7 cyclopes
  9 manticores
  2 shining eyes (shapeshifter)
  5 worldbinders
  35 ugly things
  18 moths of wrath
  8 salamanders
  A black mamba (shapeshifter) (Vaults:5)
  10 vault sentinels
  4 guardian serpents
  An apocalypse crab (Abyss:2)
  A manticore (shapeshifter) (Depths:2)
  2 molten gargoyles (Depths:3)
  Psyche (D:8)
  A water nymph (shapeshifter) (Depths:3)
  Joseph (D:10)
  7 merfolk sirens
  7 naga magi
  20 black mambas
  A frost giant skeleton (Depths:1)
  4 water nymphs
  An eye of devastation (shapeshifter) (Depths:3)
  2 spiny frogs (shapeshifter)
  2 centaur skeletons
  4 gargoyles
  5 orange demons
  5 spiny frogs
  8 smoke demons
  A rime drake (Lair:4)
  A hellion (Abyss:2)
  2 kobold demonologists (D:11)
  8 komodo dragons
  39 yaktaurs
  An efreet (Abyss:1)
  9 freezing wraiths
  A rime drake (shapeshifter) (Depths:3)
  2 hellwings
  An ancient zyme (Abyss:1)
  A human skeleton (Vaults:1)
  6 tengu conjurers
  A queen bee (shapeshifter) (Vaults:2)
  5 trolls
  A meliai (shapeshifter) (Vaults:4)
  6 wind drakes
  A red devil (Depths:1)
  16 merfolk
  A harpy skeleton (D:15)
  7 hornets
  2 blink frogs (shapeshifter)
  A raiju (shapeshifter) (Vaults:1)
  8 raiju
  A frost giant simulacrum (Depths:1)
  15 slime creatures
  15 blink frogs
  6 hippogriffs
  2 human simulacra (Vaults:1)
  9 dream sheep
  A stone giant simulacrum (Vaults:2)
  7 snapping turtles (Shoals:4)
  3 wraiths
  7 air elementals
  Sigmund (D:3)
  2 shadows
  A snapping turtle (shapeshifter) (Depths:2)
  3 vampires
  3 wyverns
  25 water elementals
  8 fire elementals
  5 hogs (D:15)
  5 humans (D:8)
  2 ynoxinuls
  3 basilisks
  A human (shapeshifter) (Vaults:3)
  A spriggan (D:10)
  A basilisk (shapeshifter) (Depths:1)
  4 fire bats
  42 yaks
  A steam dragon (Lair:6)
  13 vampire mosquitoes
  2 hungry ghosts
  5 neqoxecs
  6 chaos spawn
  Edmund (D:8)
  4 spatial vortices
  41 nagas
  2 wargs
  3 acid dragons
  A swamp worm (shapeshifter) (Vaults:5)
  A soldier ant (shapeshifter) (Depths:2)
  A soldier ant (D:13)
  5 hell hounds
  7 porcupines
  24 orc warriors
  10 water moccasins
  A black bear (shapeshifter) (Vaults:3)
  A swamp drake (Depths:5)
  7 sky beasts
  An eye of draining (Abyss:2)
  4 ice beasts
  A necrophage (D:9)
  2 ettin simulacra
  An eye of draining (shapeshifter) (Vaults:3)
  2 phantoms
  4 boggarts (Depths:2)
  38 ogres
  5 wolves (Lair:3)
  13 centaurs
  6 crocodiles
  A human zombie (Vaults:1)
  5 big kobolds
  A yaktaur zombie (Depths:1)
  A gnoll sergeant (D:7)
  18 bullfrogs
  7 earth elementals
  Blork the orc (D:4)
  A wyvern zombie (D:8)
  A water moccasin skeleton (D:9)
  3 scorpions
  3 killer bees (D:12)
  5 wights (D:10)
  A vampire bat (Lair:2)
  12 howler monkeys
  6 centaur zombies
  6 crimson imps
  A lava snake (Lair:6)
  A bullfrog zombie (D:12)
  A quasit (Abyss:2)
  4 iron imps
  2 jellies
  12 orc priests
  35 orc wizards
  A bullfrog skeleton (D:13)
  9 hounds
  6 iguanas
  2 hell rats (Lair:1)
  8 worker ants
  A hound zombie (D:10)
  2 hound skeletons
  A howler monkey zombie (D:11)
  A worker ant zombie (D:10)
  6 gnolls
  14 adders
  8 river rats (Lair:1)
  A shadow imp (Abyss:3)
  9 white imps
  5 ufetubi
  2 adder zombies
  3 adder skeletons
  5 worms
  2 ball lightnings (Depths:3)
  4 leopard geckos
  81 orcs
  5 ball pythons
  15 bats
  6 giant cockroaches
  6 goblins
  5 hobgoblins
  16 jackals
  9 kobolds
  3 quokkas
  7 frilled lizards
  A leopard gecko skeleton (D:6)
  2 quokka zombies
  6 rats
  2 crawling corpses
  A lurking horror (Abyss:2)
  9 starspawn tentacles
  5 tentacles
1893 creatures vanquished.

Vanquished Creatures (collateral kills)
  An orb of fire (Zot:4)
  2 ancient liches
  The ghost of Jiorhin the Wrestler, a legendary TrBe of Trog (Zot:2)
  Mara (Vaults:2)
  A juggernaut (Abyss:3)
  Boris (twice) (Vaults:2 Depths:2)
  A caustic shrike (shapeshifter) (Depths:3)
  A caustic shrike (Depths:2)
  Nikola (Depths:1)
  2 curse toes (Zot:4)
  5 golden dragons
  3 tentacled monstrosities
  An Orb Guardian (Zot:5)
  Asterion (Vaults:2)
  A lich (Vaults:1)
  A deep elf master archer (Elf:3)
  3 sphinxes
  2 titans
  2 tentacled starspawn
  Polyphemus (Shoals:2)
  2 death cobs
  3 storm dragons
  2 shadow dragons (Vaults:5)
  A tengu reaver (Vaults:4)
  6 nagarajas
  Donald (Vaults:2)
  6 draconian knights
  A draconian monk (Depths:5)
  3 fire giants
  2 ghost moths (Zot:5)
  6 frost giants
  An orc warlord (Orc:2)
  4 vault wardens
  Louise (D:14)
  2 deep elf sorcerers
  A draconian shifter (Zot:3)
  A deep elf elementalist (Vaults:5)
  7 ironheart preservers
  A spriggan defender (Depths:5)
  13 very ugly things
  A war gargoyle (Vaults:5)
  3 draconian annihilators
  2 vampire knights
  7 green draconians
  4 black draconians
  9 stone giants
  5 white draconians
  2 yellow draconians
  A spark wasp (shapeshifter) (Depths:3)
  4 red draconians
  6 purple draconians
  5 deep elf annihilators
  2 merfolk javelineers (Shoals:4)
  An eidolon (Abyss:1)
  6 crystal guardians
  6 ettins
  A fire dragon (Depths:5)
  A blizzard demon (Depths:3)
  6 merfolk impalers
  Erolcha (D:13)
  7 ice dragons
  A deep elf high priest (Vaults:5)
  5 yaktaur captains
  6 ogre magi
  4 great orbs of eyes
  3 hydras
  18 vault guards
  2 spriggan air magi
  2 catoblepae (shapeshifter)
  An alligator (Snake:1)
  14 naga warriors
  An anaconda (shapeshifter) (Elf:1)
  2 anacondas
  5 dancing weapons
  16 two-headed ogres
  A death knight (Vaults:4)
  A vampire mage (Depths:2)
  2 merfolk aquamancers
  2 centaur warriors
  7 tengu warriors
  A satyr (Shoals:3)
  A hell hog (Depths:4)
  Urug (Lair:2)
  A shock serpent (shapeshifter) (Depths:3)
  2 spriggan berserkers
  3 thrashing horrors
  An orc high priest (Elf:1)
  9 naga sharpshooters
  2 shock serpents (Snake:3)
  4 deep elf knights
  A wretched star (Abyss:3)
  7 hell knights
  A shadow demon (Abyss:1)
  12 sea snakes
  A spatial maelstrom (Abyss:3)
  4 large abominations
  2 death drakes (Depths:5)
  3 deep elf archers (Elf:1)
  2 glowing orange brains (Depths:3)
  A shadow dragon zombie (Abyss:1)
  2 unseen horrors
  An orc knight (Vaults:1)
  2 naga ritualists
  2 wizards
  5 lindwurms
  3 deep trolls
  2 phantasmal warriors (Vaults:5)
  6 ironbrand convokers
  3 necromancers (Depths:4)
  17 deep elf magi
  2 wolf spiders
  3 harpies (Vaults:5)
  A shining eye (shapeshifter) (Vaults:5)
  3 mana vipers
  2 cyclopes
  An orc sorcerer (Orc:2)
  4 salamanders
  A faun (Shoals:3)
  A frost giant zombie (Vaults:5)
  5 manticores
  3 guardian serpents (Snake:4)
  A worldbinder (Abyss:2)
  2 oklob plants (Lair:6)
  11 moths of wrath
  12 ugly things
  2 merfolk sirens
  A manticore (shapeshifter) (Depths:3)
  A dire elephant zombie (Abyss:3)
  An apocalypse crab (Abyss:2)
  10 black mambas
  3 water nymphs
  9 naga magi
  A gargoyle (Depths:3)
  A smoke demon (Abyss:1)
  4 molten gargoyles
  6 vault sentinels
  A spiny frog (Lair:6)
  7 komodo dragons
  6 yaktaurs
  A komodo dragon (shapeshifter) (Depths:5)
  An efreet (D:13)
  2 freezing wraiths
  An ancient zyme (Abyss:3)
  A hellwing (Abyss:2)
  A polar bear (Lair:5)
  A hornet (Vaults:5)
  8 trolls
  2 tengu conjurers
  12 merfolk
  4 wind drakes
  A tengu simulacrum (Vaults:1)
  3 snapping turtles
  A hippogriff (shapeshifter) (Depths:3)
  6 raiju
  9 slime creatures
  A frost giant simulacrum (Vaults:5)
  7 dream sheep (Lair:6)
  3 hippogriffs
  A human simulacrum (Vaults:5)
  An ettin zombie (Vaults:5)
  8 small abominations
  A shadow (Abyss:1)
  A vampire (Vaults:2)
  5 air elementals
  5 yaks
  10 water elementals
  6 starcursed masses
  3 wyverns (Lair:6)
  A fire bat (shapeshifter) (Depths:5)
  4 fire bats (Abyss:1)
  A human (D:8)
  A steam dragon (Lair:6)
  A vampire mosquito (D:14)
  5 fire elementals
  4 basilisks
  3 swamp worms (Snake:1)
  A yaktaur simulacrum (Vaults:5)
  3 wargs
  23 nagas
  A spatial vortex (Abyss:3)
  2 water moccasins
  6 hell hounds
  2 porcupines (Lair:5)
  2 insubstantial wisps (Depths:3)
  2 swamp drakes
  A sky beast (Abyss:3)
  8 orc warriors
  17 ogres
  A wolf (Lair:3)
  3 crocodiles
  2 centaurs
  6 bullfrogs
  5 earth elementals
  2 wyvern skeletons
  A killer bee (D:12)
  2 lava snakes (Lair:6)
  2 quasits (Abyss:1)
  2 hounds
  6 orc priests
  A jelly (D:15)
  6 orc wizards
  2 worker ants
  A hound zombie (D:10)
  3 gnolls (Orc:2)
  An ufetubus (Abyss:3)
  17 orcs
  A bat (Lair:2)
  3 kobolds (D:11)
  A rat (Lair:1)
  2 crawling corpses
  3 fungi
  19 plants
  4 starspawn tentacles
  4 tentacles (Shoals:3)
771 creatures vanquished.

Vanquished Creatures (others)
  5 profane servitors
  9 bone dragons
  A tentacled starspawn (Abyss:3)
  14 ghouls
  An ironheart preserver (Vaults:5)
  12 vampire knights
  A white draconian (Depths:5)
  A very ugly thing zombie (Vaults:5)
  A very ugly thing skeleton (Depths:3)
  An ogre mage (Vaults:5)
  A two-headed ogre (Vaults:5)
  A hell hog (Depths:4)
  16 skeletal warriors
  An unseen horror (Vaults:1)
  14 flayed ghosts
  8 phantasmal warriors
  A deep elf mage (Elf:3)
  3 stone giant zombies
  A frost giant zombie (Depths:5)
  A centaur zombie (D:13)
  A stone giant skeleton (Depths:5)
  A shock serpent zombie (Snake:3)
  An alligator snapping turtle skeleton (Shoals:2)
  3 ghoul skeletons (Vaults:5)
  3 sea snake zombies (Shoals:4)
  A yellow draconian skeleton (Zot:2)
  2 harpy zombies (Shoals:1)
  A troll (Orc:2)
  A sea snake skeleton (Shoals:2)
  A raiju (Abyss:2)
  A wind drake (Depths:3)
  A small abomination (Abyss:1)
  An ettin zombie (Vaults:5)
  A spriggan zombie (Depths:5)
  7 flying skulls
  A black mamba zombie (Snake:3)
  15 vampires
  A wraith (Lair:3)
  A wind drake zombie (Depths:3)
  2 merfolk zombies
  A deep troll zombie (Vaults:5)
  2 two-headed ogre zombies (Vaults:5)
  2 faun zombies (Shoals:4)
  2 ogre zombies (Vaults:5)
  2 snapping turtle zombies (Shoals:4)
  A two-headed ogre skeleton (Orc:2)
  4 lindwurm zombies
  3 blink frog zombies (Lair:6)
  2 vampire mosquito zombies
  4 komodo dragon zombies (Lair:6)
  4 yaktaur zombies
  A salamander zombie (Snake:3)
  A hell hound zombie (Lair:6)
  A troll zombie (D:11)
  A warg skeleton (Orc:2)
  5 yak zombies
  2 troll skeletons (Orc:2)
  3 wights
  A wolf zombie (Lair:3)
  A basilisk zombie (Lair:6)
  A bullfrog zombie (D:10)
  17 human zombies
  2 bullfrog skeletons
  2 centaur skeletons
  A crocodile zombie (D:10)
  2 big kobold zombies (D:11)
  2 sky beast zombies
  A necrophage skeleton (D:9)
  9 ogre skeletons (Orc:2)
  2 hound zombies
  3 howler monkey zombies (D:11)
  A mummy (D:12)
  A howler monkey skeleton (D:9)
  An iguana zombie (D:8)
  9 orc zombies
  An adder skeleton (D:9)
  11 ball lightnings (Depths:3)
  An orc (Orc:1)
  2 bat zombies (Lair:2)
  A river rat zombie (Lair:1)
  2 jackal zombies
  2 kobold zombies
  5 orc skeletons
  2 bushes (Shoals:4)
  2 fungi
  8 plants
  23 starspawn tentacles
  14 tentacles
  2 withered plants (Zot:2)
312 creatures vanquished.

Grand Total: 2976 creatures vanquished

Notes
Turn   | Place    | Note
-------+----------+-------------------------------------------
     0 | D:1      | lilbarb the Merfolk Gladiator began the quest for the Orb.
     0 | D:1      | Reached XP level 1. HP: 16/16 MP: 1/1
   418 | D:1      | Reached skill level 5 in Polearms
   506 | D:1      | Reached XP level 2. HP: 22/22 MP: 2/2
  1083 | D:2      | Reached XP level 3. HP: 27/27 MP: 3/3
  1720 | D:2      | Reached XP level 4. HP: 33/33 MP: 4/4
  2297 | D:3      | Noticed Sigmund
  2308 | D:3      | Killed Sigmund
  2308 | D:3      | Reached XP level 5. HP: 29/38 MP: 5/5
  2308 | D:3      | Reached XP level 6. HP: 34/44 MP: 6/6
  2427 | D:3      | Reached skill level 10 in Polearms
  3338 | D:4      | Reached XP level 7. HP: 50/50 MP: 7/7
  3779 | D:4      | Noticed Blork the orc
  3787 | D:4      | Killed Blork the orc
  4355 | D:4      | Reached XP level 8. HP: 56/56 MP: 8/8
  4426 | D:5      | Entered Level 5 of the Dungeon
  4695 | D:5      | Found a glowing golden altar of the Shining One.
  4695 | D:5      | Found a runed translucent door.
  4695 | D:5      | Noticed an angel
  4818 | D:5      | Reached skill level 1 in Shields
  5287 | D:5      | Found a sparkling altar of Nemelex Xobeh.
  5617 | D:6      | Reached XP level 9. HP: 64/64 MP: 9/9
  5876 | D:6      | Reached skill level 5 in Dodging
  5986 | D:6      | Found a staircase to the Ecumenical Temple.
  5995 | Temple   | Entered the Ecumenical Temple
  6082 | Temple   | Became a worshipper of Yredelemnul the Dark
  6421 | D:7      | Reached skill level 1 in Invocations
  6472 | D:7      | Reached skill level 5 in Fighting
  6740 | D:7      | Reached * piety under Yredelemnul
  6847 | D:7      | Reached skill level 6 in Dodging
  7321 | D:8      | Noticed Edmund
  7368 | D:8      | Killed Edmund
  7368 | D:8      | Reached XP level 10. HP: 55/77 MP: 13/13
  7411 | D:8      | Reached skill level 5 in Invocations
  7426 | D:8      | Reached skill level 7 in Dodging
  7585 | D:8      | Found a runed translucent door.
  7586 | D:8      | Found a runed translucent door.
  7835 | D:8      | Reached ** piety under Yredelemnul
  8041 | D:8      | Reached skill level 8 in Dodging
  8144 | D:8      | Noticed Psyche
  8163 | D:8      | Killed Psyche
  8346 | D:8      | Found a runed translucent door.
  8587 | D:9      | Reached XP level 11. HP: 87/89 MP: 8/16
  8706 | D:9      | Reached *** piety under Yredelemnul
  8752 | D:9      | Found a hazy altar of Hepliaklqana.
  9123 | D:9      | Got a faintly glowing silver ring
  9124 | D:9      | Identified the ring of Hycwic {*Drain rPois rN+ Stlth+}
                  | (You found it on level 9 of the Dungeon)
  9237 | D:9      | Found an iron altar of Okawaru.
  9338 | D:10     | Entered Level 10 of the Dungeon
  9397 | D:10     | Reached skill level 9 in Dodging
  9481 | D:10     | Received a gift from Yredelemnul (a wight)
  9880 | D:10     | Reached skill level 10 in Fighting
  9901 | D:10     | Noticed a brown ugly thing
  9905 | D:10     | Killed a brown ugly thing
 10237 | D:10     | Noticed Joseph
 10254 | D:10     | Killed Joseph
 10274 | D:10     | Noticed a two-headed ogre
 10288 | D:10     | Killed a two-headed ogre
 10393 | D:10     | Reached **** piety under Yredelemnul
 10879 | D:11     | Killed an unseen horror
 10898 | D:11     | Received a gift from Yredelemnul (a wight)
 10910 | D:11     | Found a staircase to the Lair.
 11161 | D:11     | Noticed a brown ugly thing
 11174 | D:11     | Killed a brown ugly thing
 11174 | D:11     | Reached skill level 10 in Dodging
 11174 | D:11     | Reached skill level 10 in Invocations
 11291 | D:11     | Found a snail-covered altar of Cheibriados.
 11330 | D:11     | Noticed a white ugly thing
 11341 | D:11     | Killed a white ugly thing
 11684 | D:11     | Reached XP level 12. HP: 77/100 MP: 19/19
 11733 | D:11     | Noticed a six-headed hydra
 11752 | D:11     | Killed a six-headed hydra
 11776 | D:11     | Got a twitching lead ring
 11777 | D:11     | Identified the ring "Kusoowk" {*Contam +Blink Dex+3 Stlth-}
                  | (You found it on level 11 of the Dungeon)
 11861 | D:11     | Noticed Erica
 11872 | D:11     | Killed Erica
 11982 | D:12     | Received a gift from Yredelemnul (a wight)
 12029 | D:12     | Found a runed translucent door.
 12032 | D:12     | Noticed Valus's ghost (journeyman GnNe)
 12244 | D:12     | Noticed a two-headed ogre
 12252 | D:12     | Killed a two-headed ogre
 12258 | D:12     | Found a staircase to the Orcish Mines.
 12294 | D:12     | Noticed a two-headed ogre
 12298 | D:12     | Killed a two-headed ogre
 12309 | D:12     | Received a gift from Yredelemnul (a mummy)
 12387 | D:12     | Reached skill level 11 in Dodging
 12640 | Lair:1   | Entered Level 1 of the Lair of Beasts
 12930 | Lair:1   | Received a gift from Yredelemnul (a vampire)
 13179 | Lair:1   | Received a gift from Yredelemnul (a vampire)
 14041 | Lair:2   | Noticed Urug
 14069 | Lair:2   | Killed Urug
 14069 | Lair:2   | Reached skill level 1 in Armour
 14069 | Lair:2   | Reached XP level 13. HP: 70/111 MP: 22/22
 14275 | Lair:2   | Reached ***** piety under Yredelemnul
 14375 | Lair:2   | Your ally Urug died
 14390 | Lair:2   | Reached skill level 12 in Dodging
 14978 | Lair:2   | Found a staircase to the Snake Pit.
 15912 | Lair:3   | Received a gift from Yredelemnul (a wraith)
 16736 | Lair:3   | Found a staircase to the Shoals.
 17193 | Lair:4   | Received a gift from Yredelemnul (3 flying skulls)
 17278 | Lair:4   | Found a runed translucent gate.
 17278 | Lair:4   | Found a runed translucent gate.
 17278 | Lair:4   | Found a runed translucent gate.
 17280 | Lair:4   | Noticed Ceyroiss's ghost (journeyman HuWn)
 18148 | Lair:3   | Reached skill level 5 in Armour
 18177 | Lair:3   | Reached skill level 13 in Dodging
 18177 | Lair:3   | Received a gift from Yredelemnul (4 flying skulls)
 19003 | Lair:5   | Found a viscous altar of Jiyva.
 19003 | Lair:5   | Found a staircase to the Slime Pits.
 19587 | Lair:6   | Entered Level 6 of the Lair of Beasts
 19638 | Lair:6   | Identified the +0 ring mail of the Gravedigger {rElec Int+2
                  | Dex-2 Stlth+} (You found it on level 6 of the Lair of
                  | Beasts)
 19696 | Lair:6   | Reached XP level 14. HP: 66/120 MP: 23/23
 19782 | Lair:6   | Found a burning altar of Makhleb.
 19810 | Lair:6   | Received a gift from Yredelemnul (a skeletal warrior)
 20032 | Lair:6   | Found a large runed translucent door.
 20171 | Lair:6   | Found a large runed translucent door.
 20793 | Lair:6   | Received a gift from Yredelemnul (a vampire)
 21565 | D:13     | You fall into a shaft and drop 2 floors!
 21565 | D:15     | Entered Level 15 of the Dungeon
 21607 | D:15     | Received a gift from Yredelemnul (a phantasmal warrior)
 21613 | D:15     | Reached ****** piety under Yredelemnul
 21621 | D:15     | Reached skill level 14 in Dodging
 21673 | D:14     | Received a gift from Yredelemnul (a skeletal warrior)
 21685 | D:14     | Noticed Louise
 21714 | D:14     | Killed Louise
 22880 | D:13     | Received a gift from Yredelemnul (a flayed ghost)
 23120 | D:13     | Found a gate to the Vaults.
 23180 | D:13     | Reached skill level 15 in Fighting
 23188 | D:13     | Reached XP level 15. HP: 70/129 MP: 21/24
 23213 | D:13     | Received a gift from Yredelemnul (a vampire)
 23468 | D:13     | Killed Erolcha
 23787 | D:15     | Noticed Nessos
 23787 | D:15     | Noticed Kirke
 23797 | D:15     | Noticed Rupert
 23798 | D:15     | Reached skill level 15 in Dodging
 23807 | D:15     | Killed Nessos
 23821 | D:15     | Killed Kirke
 23846 | D:15     | Killed Rupert
 23857 | D:15     | Received a gift from Yredelemnul (a skeletal warrior)
 24284 | D:15     | Found a glowing silver altar of Zin.
 24284 | D:15     | Noticed an angel
 24330 | D:15     | Found a staircase to the Depths.
 24607 | Orc:1    | Entered Level 1 of the Orcish Mines
 24832 | Orc:2    | Entered Level 2 of the Orcish Mines
 24858 | Orc:2    | Noticed Azrael
 24876 | Orc:2    | Received a gift from Yredelemnul (a flayed ghost)
 24883 | Orc:2    | Killed Azrael
 24886 | Orc:2    | Found a gate leading to a gauntlet.
 24955 | Orc:2    | Reached skill level 10 in Armour
 24955 | Orc:2    | Received a gift from Yredelemnul (a ghoul)
 25187 | Orc:2    | Found Caiwipn's Food Shoppe.
 25226 | Orc:2    | Found a roughly hewn altar of Beogh.
 25235 | Orc:2    | Found Ompourchim's Weapon Shop.
 25249 | Orc:2    | Found Ucvom's Weapon Emporium.
 25250 | Orc:2    | Found Caistufe's General Store.
 25286 | Orc:2    | Noticed an orc warlord
 25321 | Orc:2    | Killed an orc warlord
 25327 | Orc:2    | Received a gift from Yredelemnul (a ghoul)
 25660 | Orc:2    | Found a staircase to the Elven Halls.
 26346 | D:12     | Killed Valus's ghost
 26496 | Shoals:1 | Entered Level 1 of the Shoals
 26519 | Shoals:1 | Reached skill level 16 in Dodging
 26520 | Shoals:1 | Received a gift from Yredelemnul (a vampire knight)
 26909 | Shoals:1 | Reached XP level 16. HP: 128/138 MP: 25/25
 27158 | Shoals:1 | Received a gift from Yredelemnul (a profane servitor)
 27579 | Shoals:1 | Received a gift from Yredelemnul (a ghoul)
 27980 | Shoals:2 | Received a gift from Yredelemnul (a vampire)
 28547 | Shoals:2 | Noticed Polyphemus
 28580 | Shoals:2 | Killed Polyphemus
 29495 | Shoals:3 | Received a gift from Yredelemnul (a phantasmal warrior)
 29525 | Shoals:3 | Found Gyome's Antique Weapon Emporium.
 29558 | Shoals:3 | Noticed a kraken
 29561 | Shoals:3 | Received a gift from Yredelemnul (a bone dragon)
 29864 | Shoals:3 | Killed a kraken
 29874 | Shoals:3 | Identified Roxanne's Handbook of Stones
 29874 | Shoals:3 | Noticed Roxanne
 30301 | Shoals:4 | Entered Level 4 of the Shoals
 30314 | Shoals:4 | Found the +7 pair of quick blades "Gyre" and "Gimble"
                  | {protect}
 30365 | Shoals:4 | Reached skill level 17 in Dodging
 30584 | Shoals:4 | Received a gift from Yredelemnul (a flayed ghost)
 30860 | Shoals:4 | Noticed a kraken
 30869 | Shoals:4 | Noticed Ilsuiw
 30917 | Shoals:4 | Killed a kraken
 30999 | Shoals:4 | Reached XP level 17. HP: 61/146 MP: 15/26
 31524 | Shoals:4 | Identified the ring of Nemmogao {rC+ rN+ AC+3 Slay+5
                  | Stlth+}
 31539 | Shoals:4 | Received a gift from Yredelemnul (a bone dragon)
 31797 | Shoals:4 | Got a barnacled rune of Zot
 31925 | Shoals:4 | Received a gift from Yredelemnul (a ghoul)
 32051 | Shoals:4 | Received a gift from Yredelemnul (a vampire knight)
 32305 | Shoals:4 | Killed Ilsuiw
 32957 | Snake:1  | Entered Level 1 of the Snake Pit
 33581 | Snake:1  | Found Cokleto's Magic Scroll Emporium.
 33607 | Snake:1  | Reached skill level 18 in Dodging
 33615 | Snake:1  | Received a gift from Yredelemnul (a ghoul)
 33778 | Snake:1  | Found Mograttigg's Distillery.
 33784 | Snake:1  | Bought 2 scrolls of teleportation for 96 gold pieces
 33784 | Snake:1  | Bought a scroll of blinking for 120 gold pieces
 33790 | Snake:1  | Bought a potion of heal wounds for 70 gold pieces
 34184 | Snake:2  | Found Cograkhy's Antique Armour Boutique.
 34202 | Snake:2  | Bought a shiny scale mail for 266 gold pieces
 34202 | Snake:2  | Bought a pair of glowing boots for 285 gold pieces
 34306 | Snake:2  | Received a gift from Yredelemnul (a bone dragon)
 34640 | Snake:2  | Found Qihielel's Jewellery Shoppe.
 34640 | Snake:2  | Found Gub Idagg's Gadget Shop.
 34641 | Snake:2  | Found Atzulono's Gadget Shop.
 34658 | Snake:2  | Bought a wand of clouds (5) for 459 gold pieces
 34662 | Snake:2  | Bought a wand of acid (5) for 180 gold pieces
 34662 | Snake:2  | Bought a wand of iceblast (7) for 110 gold pieces
 35163 | Snake:3  | Reached XP level 18. HP: 147/156 MP: 27/27
 35197 | Snake:3  | Received a gift from Yredelemnul (a ghoul)
 35665 | Snake:4  | Entered Level 4 of the Snake Pit
 36687 | Snake:4  | Reached skill level 19 in Dodging
 36813 | Snake:4  | Got a serpentine rune of Zot
 37227 | Vaults:1 | Entered Level 1 of the Vaults
 37269 | Vaults:1 | Paralysed by a great orb of eyes for 3 turns
 38045 | Vaults:1 | Reached XP level 19. HP: 105/164 MP: 26/28
 38101 | Vaults:1 | Identified the +2 leather armour "Woimazur" {rElec rF+
                  | Dex-4}
 38128 | Vaults:1 | Identified the +5 shortbow "Isiof" {venom, rN+ Str+3 Int-4}
 39588 | Vaults:1 | Received a gift from Yredelemnul (a flayed ghost)
 39956 | Vaults:1 | Reached skill level 15 in Armour
 40063 | Vaults:2 | Noticed Donald
 40070 | Vaults:2 | Killed Donald
 40070 | Vaults:2 | Reached skill level 20 in Dodging
 40071 | Vaults:2 | Received a gift from Yredelemnul (a vampire)
 40299 | Vaults:2 | Received a gift from Yredelemnul (a skeletal warrior)
 40430 | Vaults:2 | Noticed Asterion
 40444 | Vaults:2 | Killed Asterion
 40533 | Vaults:2 | Received a gift from Yredelemnul (a vampire knight)
 40551 | Vaults:2 | Noticed Mara
 40556 | Vaults:2 | Noticed lilbarb's illusion
 40566 | Vaults:2 | Noticed Boris
 40588 | Vaults:2 | Noticed lilbarb's illusion
 40609 | Vaults:2 | Noticed lilbarb's illusion
 40613 | Vaults:2 | Killed a bone dragon
 41061 | Vaults:2 | Noticed Margery
 41101 | Vaults:2 | Killed Margery
 41236 | Vaults:2 | Received a gift from Yredelemnul (a skeletal warrior)
 41485 | Vaults:2 | Received a gift from Yredelemnul (a profane servitor)
 41709 | Vaults:2 | Reached XP level 20. HP: 131/174 MP: 29/29
 42015 | Vaults:2 | Received a gift from Yredelemnul (a bone dragon)
 42086 | Vaults:2 | Received a gift from Yredelemnul (a skeletal warrior)
 42106 | Vaults:2 | Killed Mara
 42106 | Vaults:2 | Reached skill level 21 in Dodging
 42162 | Vaults:2 | Received a gift from Yredelemnul (a bone dragon)
 42170 | Vaults:2 | Killed Boris
 42412 | Vaults:2 | Found a staircase to the Crypt.
 43693 | Vaults:3 | Received a gift from Yredelemnul (a ghoul)
 43741 | Vaults:3 | Received a gift from Yredelemnul (a vampire knight)
 43923 | Vaults:3 | Received a gift from Yredelemnul (a vampire)
 44000 | Vaults:3 | Noticed a golden dragon
 44694 | Vaults:4 | Received a gift from Yredelemnul (a profane servitor)
 45090 | Vaults:4 | Received a gift from Yredelemnul (a flayed ghost)
 45119 | Vaults:4 | Reached XP level 21. HP: 169/184 MP: 30/30
 45416 | Vaults:4 | Reached skill level 22 in Dodging
 45426 | Vaults:4 | Received a gift from Yredelemnul (a skeletal warrior)
 45432 | Vaults:4 | Found Veyrhach's Magic Scroll Emporium.
 45658 | Vaults:4 | Bought a scroll of identify for 42 gold pieces
 45658 | Vaults:4 | Bought a scroll of identify for 42 gold pieces
 46147 | Elf:1    | Entered Level 1 of the Elven Halls
 46183 | Elf:1    | Received a gift from Yredelemnul (a flayed ghost)
 46534 | Elf:1    | Received a gift from Yredelemnul (a ghoul)
 46907 | Depths:1 | Entered Level 1 of the Depths
 46929 | Depths:1 | Received a gift from Yredelemnul (a vampire knight)
 46946 | Depths:1 | Received a gift from Yredelemnul (a flayed ghost)
 46971 | Depths:1 | Killed Nikola
 47563 | Elf:1    | Received a gift from Yredelemnul (a skeletal warrior)
 47916 | Elf:1    | Identified Sif Muna's Catalogue of Conjuration
 48081 | Elf:1    | Received a gift from Yredelemnul (a ghoul)
 48261 | Elf:2    | Received a gift from Yredelemnul (a phantasmal warrior)
 48385 | Elf:2    | Found a runed translucent gate.
 48385 | Elf:2    | Found a runed translucent gate.
 48385 | Elf:2    | Found a runed translucent gate.
 48719 | Elf:3    | Entered Level 3 of the Elven Halls
 48953 | Elf:3    | Received a gift from Yredelemnul (a skeletal warrior)
 48974 | Elf:3    | Found a runed translucent gate.
 48986 | Elf:3    | Found a runed translucent gate.
 48986 | Elf:3    | Found a runed translucent gate.
 48989 | Elf:3    | Noticed Kaobra's ghost (adept GnWz)
 49388 | Elf:2    | Reached skill level 23 in Dodging
 49391 | Elf:2    | Received a gift from Yredelemnul (a vampire knight)
 49640 | Elf:2    | Reached XP level 22. HP: 191/194 MP: 28/31
 49645 | Elf:2    | Received a gift from Yredelemnul (a ghoul)
 50226 | Elf:3    | Identified the +7 chain mail of the Equator {+Inv} (You
                  | found it on level 3 of the Elven Halls)
 50273 | Elf:3    | Identified the +0 cloak of Deva {Int+6} (You found it on
                  | level 3 of the Elven Halls)
 50321 | Elf:3    | Identified the ring of Trepidation {rPois rF- rC+ Int+3}
 50767 | Elf:3    | Identified the +1 ring mail "Ciecint" {rN++ SInv} (You
                  | found it on level 3 of the Elven Halls)
 50768 | Elf:3    | Identified the Catalogue of Cloudy Transmigration
 51213 | Depths:1 | Found a one-way gate leading to the halls of Pandemonium.
 51244 | Depths:1 | Noticed a caustic shrike
 51246 | Depths:1 | Noticed a golden dragon
 51252 | Depths:1 | Noticed a caustic shrike
 51254 | Depths:1 | Found a transporter.
 51275 | Depths:1 | Noticed frimble's ghost (adept DsGl)
 51311 | Depths:1 | Found a gateway to Hell.
 51561 | Depths:1 | Found a transporter.
 51654 | Depths:1 | Received a gift from Yredelemnul (a vampire)
 51840 | Depths:1 | Found Vuskun's Antique Armour Emporium.
 51943 | Depths:1 | Received a gift from Yredelemnul (a skeletal warrior)
 52059 | Depths:2 | Noticed Boris
 52076 | Depths:2 | Killed Boris
 52356 | Depths:2 | Found a one-way gate to the infinite horrors of the Abyss.
 52390 | Depths:2 | Reached skill level 24 in Dodging
 52756 | Depths:2 | Paralysed by a great orb of eyes for 5 turns
 52852 | Depths:2 | Reached XP level 23. HP: 133/203 MP: 20/32
 53167 | Depths:2 | Noticed a caustic shrike
 53175 | Depths:2 | Killed a caustic shrike
 53217 | Depths:2 | Identified a scroll of acquirement
 53235 | Depths:2 | Received a gift from Yredelemnul (a flayed ghost)
 53390 | Depths:2 | Found the +0 staff of Battle
 53412 | Depths:2 | Found a runed translucent door.
 53413 | Depths:2 | Noticed a caustic shrike
 53417 | Depths:2 | Found a runed translucent door.
 53417 | Depths:2 | Found a runed translucent door.
 53782 | Depths:2 | Found a runed translucent door.
 53923 | Depths:3 | Received a gift from Yredelemnul (a profane servitor)
 54200 | Depths:3 | Received a gift from Yredelemnul (a vampire knight)
 54231 | Depths:3 | Paralysed by a floating eye for 2 turns
 54405 | Depths:3 | Received a gift from Yredelemnul (a vampire)
 54697 | Depths:3 | Received a gift from Yredelemnul (a skeletal warrior)
 54833 | Depths:3 | Noticed a caustic shrike
 54833 | Depths:3 | an iron troll changed into a caustic shrike
 54841 | Depths:3 | Killed a caustic shrike
 54881 | Depths:3 | Received a gift from Yredelemnul (a bone dragon)
 55285 | Depths:3 | Received a gift from Yredelemnul (a vampire)
 55381 | Depths:3 | Received a gift from Yredelemnul (a vampire)
 55794 | Depths:3 | Got a transparent silver ring
 55795 | Depths:3 | Identified the ring of the Ego {+Inv +Fly rC+ Str+2 Int+3}
                  | (You found it on level 3 of the Depths)
 56278 | Depths:4 | Gained mutation: You are frail. (-10% HP) [a shining eye]
 56279 | Depths:4 | Gained mutation: Your magical capacity is low. (-10% MP) [a
                  | shining eye]
 56284 | Depths:4 | Lost mutation: You are frail. (-10% HP) [potion of
                  | mutation]
 56284 | Depths:4 | Lost mutation: Your magical capacity is low. (-10% MP)
                  | [potion of mutation]
 56284 | Depths:4 | Gained mutation: You possess an exceptional clarity of
                  | mind. [potion of mutation]
 56284 | Depths:4 | Gained mutation: Your mind is acute. (Int +2) [potion of
                  | mutation]
 56284 | Depths:4 | Gained mutation: You are agile. (Dex +2) [potion of
                  | mutation]
 56284 | Depths:4 | Gained mutation: You have a pair of small antennae on your
                  | head. [potion of mutation]
 56338 | Depths:4 | Reached skill level 25 in Dodging
 56423 | Depths:4 | Noticed Boris
 56450 | Depths:4 | Killed Boris
 56948 | Depths:4 | Reached skill level 5 in Shields
 56953 | Depths:4 | Received a gift from Yredelemnul (a skeletal warrior)
 57093 | Depths:4 | Reached XP level 24. HP: 129/214 MP: 12/32
 57333 | Depths:4 | Noticed a juggernaut
 57641 | Depths:5 | Entered Level 5 of the Depths
 57710 | Depths:5 | Received a gift from Yredelemnul (a vampire)
 57895 | Depths:5 | Reached skill level 26 in Dodging
 58139 | Depths:5 | Received a gift from Yredelemnul (a vampire knight)
 58404 | Depths:5 | Received a gift from Yredelemnul (a flayed ghost)
 58531 | Depths:5 | Found a gate to the Realm of Zot.
 58885 | Depths:5 | Noticed a juggernaut
 59180 | Depths:5 | Found a gateway to a ziggurat.
 59180 | Depths:5 | Noticed an ancient lich
 59181 | Depths:5 | Received a gift from Yredelemnul (a phantasmal warrior)
 59193 | Depths:5 | Cast into level 2 of the Abyss (a deep elf sorcerer)
 59502 | Abyss:2  | Received a gift from Yredelemnul (a phantasmal warrior)
 59591 | Abyss:2  | Received a gift from Yredelemnul (a vampire)
 59640 | Abyss:2  | Received a gift from Yredelemnul (a phantasmal warrior)
 59689 | Depths:5 | Escaped the Abyss
 59716 | Depths:5 | Killed an ancient lich
 60140 | Depths:5 | Received a gift from Yredelemnul (a vampire knight)
 60536 | Vaults:5 | Entered Level 5 of the Vaults
 60554 | Vaults:5 | Received a gift from Yredelemnul (a ghoul)
 60560 | Vaults:5 | Reached skill level 27 in Dodging
 60570 | Vaults:5 | Noticed an ancient lich
 60572 | Vaults:5 | Reached XP level 25. HP: 156/223 MP: 31/32
 60580 | Vaults:5 | Received a gift from Yredelemnul (a ghoul)
 60588 | Vaults:5 | HP: 10/223 [titan/the air (32)]
 60594 | Vaults:5 | Received a gift from Yredelemnul (a vampire knight)
 60599 | Vaults:5 | Reached skill level 10 in Shields
 60600 | Vaults:5 | Received a gift from Yredelemnul (a skeletal warrior)
 60603 | Vaults:5 | Received a gift from Yredelemnul (a bone dragon)
 60604 | Vaults:5 | Received a gift from Yredelemnul (a ghoul)
 60793 | Vaults:5 | Received a gift from Yredelemnul (a vampire)
 60803 | Vaults:5 | Killed an ancient lich
 61402 | Vaults:5 | Received a gift from Yredelemnul (a profane servitor)
 61449 | Vaults:5 | Received a gift from Yredelemnul (a flayed ghost)
 61564 | Vaults:5 | Received a gift from Yredelemnul (a vampire knight)
 61936 | Vaults:5 | Got a silver rune of Zot
 62577 | Depths:2 | Voluntarily entered the Abyss.
 62850 | Abyss:1  | Received a gift from Yredelemnul (a bone dragon)
 63019 | Abyss:1  | Noticed an ancient lich
 63034 | Abyss:1  | Killed an ancient lich
 63171 | Abyss:1  | Received a gift from Yredelemnul (a flayed ghost)
 63236 | Abyss:1  | Received a gift from Yredelemnul (a phantasmal warrior)
 63251 | Abyss:1  | Reached XP level 26. HP: 167/233 MP: 32/32
 63414 | Abyss:1  | Received a gift from Yredelemnul (a skeletal warrior)
 63422 | Abyss:1  | Paralysed by accursed screaming for 1 turns
 63433 | Abyss:1  | Received a gift from Yredelemnul (a bone dragon)
 63537 | Abyss:1  | Found a runed translucent door.
 63548 | Abyss:2  | Found a sparkling altar of Nemelex Xobeh.
 63684 | Abyss:2  | Received a gift from Yredelemnul (a skeletal warrior)
 64116 | Abyss:2  | Received a gift from Yredelemnul (a flayed ghost)
 64318 | Abyss:3  | Received a gift from Yredelemnul (a vampire)
 64346 | Abyss:3  | Found a glowing golden altar of the Shining One.
 64379 | Abyss:3  | Received a gift from Yredelemnul (a ghoul)
 64379 | Abyss:3  | Received a gift from Yredelemnul (a flayed ghost)
 64405 | Abyss:3  | Noticed a juggernaut
 64414 | Abyss:3  | Killed a juggernaut
 64414 | Abyss:3  | Reached skill level 15 in Shields
 64418 | Abyss:3  | Got an abyssal rune of Zot
 64532 | Abyss:3  | Received a gift from Yredelemnul (a vampire)
 64564 | Abyss:3  | Found a glowing golden altar of the Shining One.
 64792 | Abyss:3  | Received a gift from Yredelemnul (a phantasmal warrior)
 64814 | Abyss:3  | Paralysed by accursed screaming for 1 turns
 64896 | Depths:2 | Escaped the Abyss
 65029 | Zot:1    | Entered Level 1 of the Realm of Zot
 65154 | Zot:1    | Reached skill level 15 in Polearms
 65224 | Zot:1    | Noticed Pyvvian's ghost (veteran MiFi)
 65225 | Zot:1    | Noticed an ancient lich
 65281 | Zot:1    | Found a transporter.
 65889 | Zot:1    | Received a gift from Yredelemnul (a skeletal warrior)
 66167 | Zot:1    | Found a transporter.
 66184 | Zot:1    | Received a gift from Yredelemnul (a flayed ghost)
 66333 | Zot:2    | Found a runed translucent door.
 66956 | Zot:2    | Received a gift from Yredelemnul (a ghoul)
 67228 | Zot:2    | Reached XP level 27. HP: 242/242 MP: 32/32
 67232 | Zot:2    | Received a gift from Yredelemnul (a vampire knight)
 67691 | Zot:2    | Noticed Jiorhin's ghost (legendary TrBe)
 67902 | Zot:2    | Received a gift from Yredelemnul (a skeletal warrior)
 68047 | Zot:2    | Killed Jiorhin's ghost
 68050 | Zot:2    | Identified the +5 demon trident of Conversion {protect,
                  | rF++ rN+ MP-9 Str+2} (You found it on level 2 of the Realm
                  | of Zot)
 68957 | Zot:3    | Received a gift from Yredelemnul (a phantasmal warrior)
 69610 | Zot:3    | Identified the +9 demon trident of the Median {pierce,
                  | rElec Str+2 Int+6} (You acquired it on level 3 of the Realm
                  | of Zot)
 69861 | Zot:4    | Noticed an orb of fire
 69871 | Zot:4    | Gained mutation: You are partially covered in icy blue
                  | scales. (AC +2) [an orb of fire]
 69874 | Zot:4    | Gained mutation: You do not regenerate when monsters are
                  | visible. [an orb of fire]
 69879 | Zot:4    | Gained mutation: You are weak. (Str -2) [an orb of fire]
 69887 | Zot:4    | Lost mutation: Your mind is acute. (Int +2) [an orb of
                  | fire]
 69889 | Zot:4    | Received a gift from Yredelemnul (a bone dragon)
 69892 | Zot:4    | Killed an orb of fire
 69893 | Zot:4    | Lost mutation: You are weak. (Str -2) [potion of mutation]
 69893 | Zot:4    | Lost mutation: You possess an exceptional clarity of mind.
                  | [potion of mutation]
 69893 | Zot:4    | Gained mutation: You evolve. [potion of mutation]
 69893 | Zot:4    | Gained mutation: Your magical capacity is low. (-10% MP)
                  | [potion of mutation]
 69893 | Zot:4    | Gained mutation: Your mind is acute. (Int +2) [potion of
                  | mutation]
 69894 | Zot:4    | Lost mutation: You do not regenerate when monsters are
                  | visible. [potion of mutation]
 69894 | Zot:4    | Lost mutation: You evolve. [potion of mutation]
 69894 | Zot:4    | Lost mutation: Your mind is acute. (Int +2) [potion of
                  | mutation]
 69894 | Zot:4    | Lost mutation: Your magical capacity is low. (-10% MP)
                  | [potion of mutation]
 69894 | Zot:4    | Gained mutation: Your magical capacity is low. (-10% MP)
                  | [potion of mutation]
 69894 | Zot:4    | Gained mutation: You are resistant to electric shocks.
                  | (rElec) [potion of mutation]
 69910 | Zot:4    | Received a gift from Yredelemnul (a flayed ghost)
 70478 | Zot:4    | Received a gift from Yredelemnul (a flayed ghost)
 70668 | Zot:4    | Got a crude amber ring
 70669 | Zot:4    | Identified the ring "Seirr" {rF++ rN+ MR+ MP-9 Stlth+} (You
                  | found it on level 4 of the Realm of Zot)
 70917 | Zot:5    | Entered Level 5 of the Realm of Zot
 71615 | Zot:5    | Identified the +5 scale mail "Joinyciro" {rElec rN+ Str-2}
                  | (You found it on level 5 of the Realm of Zot)
 71775 | Zot:5    | Noticed an ancient lich
 71782 | Zot:5    | Killed an ancient lich
 71782 | Zot:5    | Received a gift from Yredelemnul (a skeletal warrior)
 71791 | Zot:5    | Noticed an ancient lich
 71806 | Zot:5    | Killed an ancient lich
 71814 | Zot:5    | Noticed an ancient lich
 71846 | Zot:5    | Killed an ancient lich
 71923 | Zot:5    | Noticed an orb of fire
 71925 | Zot:5    | Noticed an ancient lich
 71955 | Zot:5    | Killed an orb of fire
 71958 | Zot:5    | HP: 12/246 [???[an ancient lich] (6)]
 71967 | Zot:5    | Killed an ancient lich
 71978 | Zot:5    | Killed from afar by a Killer Klown

Levels and vault maps discovered:
D:1:      beargit_arrival_greenhouse, layout_basic
D:2:      layout_rooms
D:3:      layout_loops_ring, first_ration, st_stairs_12, uniq_sigmund
D:4:      layout_basic, minmay_a_box_with_orc_wizards_in_it, uniq_blork_the_orc
D:5:      layout_rooms, basic_altar, lemuel_angel_altar
D:6:      layout_rooms, lemuel_temple_firewalk_b
D:7:      layout_basic
D:8:      erik_cavepeople, layout_basic, minmay_between, uniq_psyche
D:9:      layout_layer_cave, old_standard_altar, basic_altar
D:10:     layout_stronghold, the_bakery, serial_park_tiny_2, uniq_joseph
D:11:     layout_loops_ring, lair_entry_dummy, basic_altar,
          minmay_diamond_spiral, uniq_erica
D:12:     layout_basic, orc_0_dummy, ebering_ghost_inner_flame, minmay_bent
D:13:     layout_loops_ring, erik_vaults_2, kennysheep_generic_room_11,
          uniq_erolcha
D:14:     layout_roguey, grunt_decor_resistance, uniq_louise
D:15:     grunt_enter_depths_hoard, layout_long_grid, zin_angel, uniq_nessos,
          uniq_kirke, uniq_rupert
Temple:   dpeg_three_leaves_temple
Lair:1:   layout_regular_city, kennysheep_rathole
Lair:2:   layout_regular_city, minmay_snake_entry_guardpost_medium,
          roderic_batcave, minivault_27, st_stairs_12, grunt_megastairs_5,
          serial_bayou_shore_a, infiniplex_staircase_pool_2, uniq_urug
Lair:3:   layout_layer_cave, minmay_shoals_entry_lonely_mermaid,
          columned_hall_lemuel, minmay_lindwurm_lava
Lair:4:   layout_cave_pods, gammafunk_ghost_hydra_chop
Lair:5:   layout_layer_cave, dpeg_slime_entry_enclosed_altar
Lair:6:   cheibrodos_lair_end_hotspot, layout_gridlike, basic_altar,
          dpeg_oklob_1
Shoals:1: layout_shoals
Shoals:2: layout_shoals, uniq_polyphemus
Shoals:3: layout_shoals, serial_shops, shop, uniq_roxanne
Shoals:4: shoals_end_grunt_ice, layout_shoals, shoals_ilsuiw_alternative,
          yaktaur_hedge
Snake:1:  onia_ninara_swampy_vault, layout_onion_interference,
          grunt_ministairs_4, minmay_shoptagon
Snake:2:  layout_onion_interference, serial_shops, shop, nrook_loot_triangle,
          grunt_megastairs_3, minmay_shop_grove
Snake:3:  layout_rooms, st_stairs_5
Snake:4:  grunt_snake_rune_pools, layout_basic
Orc:1:    layout_caves
Orc:2:    st_orc_open, layout_caves, gauntlet_entry_generic, basic_altar,
          uniq_azrael
Elf:1:    eino_elf_arrival_sip, layout_gridlike, minmay_elf_annihilation
Elf:2:    layout_gridlike
Elf:3:    minmay_elf_hall, layout_rooms, gammafunk_ghost_split
Vaults:1: ontoclasm_vaults_shuriken, hangedman_vaults_pinch, st_greater_box_1,
          ontoclasm_vaults_spin, v_pattern_2, hangedman_vaults_restitches,
          vaults_mumra_hex, vaults_room_door_hall, vaults_dpeg_encased_lava,
          nicolae_vaults_little_squares_6, layout_vaults_omnibox
Vaults:2: v_misc_23, v_alt_pattern_5, hangedman_vaults_corner_blocks, v_rooms_6,
          vaults_room_corners, nicolae_vaults_twisting_passages,
          minmay_crypt_entry_vampire_xt, vaults_dpeg_cross,
          nicolae_vaults_meeting, hangedman_vaults_stagger,
          ontoclasm_vaults_twist, v_pattern_3, layout_vaults_big_cross,
          uniq_mara, uniq_donald, uniq_asterion, uniq_boris, uniq_margery
Vaults:3: nicolae_vaults_murderbox, nicolae_vaults_little_squares_3,
          nicolae_vaults_theta, grunt_vaults_funnel, nicolae_vaults_alarming,
          nicolae_vaults_triangles, v_misc_15, nicolae_vaults_theta,
          nicolae_vaults_specimen_jars, v_misc_9,
          nicolae_vaults_network_barrier, grunt_vaults_hallway_long,
          ontoclasm_vaults_pinch, vaults_room_grunt_arrival_ludios,
          nicolae_vaults_theta, layout_vaults_maze_bifur
Vaults:4: nicolae_vaults_theta, v_misc_27, v_misc_2, v_alt_pattern_2,
          ontoclasm_vaults_ring_small, hangedman_vaults_restitches, v_rooms_3,
          nicolae_vaults_little_squares_5, nicolae_vaults_network_s,
          nicolae_vaults_theta, layout_vaults_ring, serial_shops, shop
Vaults:5: serial_shops
Depths:1: layout_big_octagon, hell_entry, rand_demon_pan_entry_7,
          gammafunk_ghost_berserking_beasts, minmay_fountain_box, drop_trap,
          abandoned_shop, kennysheep_small_square, minmay_shop_star, uniq_nikola
Depths:2: minmay_the_grid_four_pointed_star
          [minmay_the_grid_triangle_9x9_fully_insulated_deathbox,
          minmay_the_grid_triangle_9x9_cache,
          minmay_the_grid_triangle_9x9_alien,
          minmay_the_grid_triangle_9x9_subtriangle,
          minmay_the_grid_prize_four_corners], layout_basic,
          hangedman_abyss_entry_splay, grunt_hell_entry_dis_grunt,
          serial_bayou_pond_c
Depths:3: radiant_caverns_b_rkd, hell_entry, abyss_entry, pan_entry
Depths:4: minmay_expanding_circles, layout_gridlike,
          minmay_misc_feat_nine_boxes, grunt_hell_horde, abyss_entry, pan_entry
Depths:5: lemuel_castle_with_subvaults [lemuel_castle_interior_original],
          layout_cave_pools, enter_ziggurat_c, hangedman_coc_ice_floe,
          pan_entry, serial_bayou_pond_a
Zot:1:    layout_gridville, gammafunk_ghost_mausoleum,
          hangedman_zot_decor_scrapings
Zot:2:    kennysheep_room_grid, layout_gridlike, gammafunk_ghost_grave
Zot:3:    layout_cathedral_of_symmetry, grunt_megastairs_2
Zot:4:    layout_onion_interference, lemuel_baited_zot_trap
Zot:5:    layout_misc_corridors

Skill      XL: |  1  2  3  4  5  6  7  8  9 10 11 12 13 14 15 16 17 18 19 20 21 22 23 24 25 26 27 |
---------------+----------------------------------------------------------------------------------+-----
Polearms       | 5 6 7 9 10 12 14 17 22 | 22.3
Shields        | 4 5 8 13 15 | 15.0
Fighting       | 3 6 9 11 13 14 15 16 17 18 19 20 21 22 23 24 25 26 | 26.4
Dodging        | 6 8 10 11 13 14 16 17 18 19 20 21 23 24 25 27 | 27.0
Invocations    | 4 7 10 12 | 12.0
Armour         | 1 5 8 10 12 13 14 15 16 17 18 19 | 19.1
Throwing       | |  2.0

Action                   |  1- 3 |  4- 6 |  7- 9 | 10-12 | 13-15 | 16-18 | 19-21 | 22-24 | 25-27 || total
-------------------------+-------+-------+-------+-------+-------+-------+-------+-------+-------++-------
Melee: Trident           |   148 |   119 |   392 |   876 |  1461 |   372 |       |       |       ||  3368
       Tailslap          |       |       |       |       |     3 |    65 |       |     1 |     8 ||    77
       Demon trident     |       |       |       |       |       |  1156 |  1533 |  1637 |  1826 ||  6152
       Unarmed           |       |       |       |       |       |       |       |     6 |       ||     6
Throw: Dart              |     9 |    11 |    74 |    29 |       |       |       |       |       ||   123
       Throwing net      |       |     2 |     1 |       |       |       |       |       |       ||     3
       Boomerang         |       |    27 |    63 |    60 |    69 |     5 |     2 |     7 |    11 ||   244
Invok: Animate Remains   |       |       |       |    18 |       |       |       |       |       ||    18
       Animate Dead      |       |       |       |    27 |    27 |    12 |     5 |     7 |    11 ||    89
       Recall Undead Sla |       |       |       |     4 |     6 |     4 |     1 |    11 |     3 ||    29
       Drain Life        |       |       |       |     2 |    17 |    17 |     8 |    16 |    14 ||    74
       Stop Recall       |       |       |       |       |     1 |     2 |       |     5 |     1 ||     9
Evoke: Wand              |       |     1 |     4 |    18 |     5 |     3 |    11 |    11 |     2 ||    55
       Lamp of fire      |       |       |       |       |       |     1 |     2 |     2 |     2 ||     7
  Use: Scroll            |       |    10 |       |    21 |    18 |     8 |    14 |    18 |    16 ||   105
       Potion            |       |       |     1 |       |     4 |     1 |     3 |     4 |    11 ||    24
 Stab: Sleeping          |     2 |       |       |     2 |       |     1 |    10 |       |       ||    15
       Held in net/web   |       |     1 |       |       |       |       |       |       |       ||     1
       Distracted        |       |       |       |     3 |     6 |    16 |    19 |    23 |    31 ||    98
       Confused          |       |       |       |     2 |     5 |     1 |       |     1 |     2 ||    11
       Paralysed         |       |       |       |       |       |    12 |     1 |     1 |       ||    14
  Eat: Chunk             |     3 |     5 |     9 |    13 |    12 |     4 |    15 |     6 |     7 ||    74
       Ration            |       |       |     1 |     7 |    13 |    12 |     8 |    11 |    12 ||    64
Armor: Leather armour    |    31 |     4 |       |       |       |       |       |       |       ||    35
       Ring mail         |       |    16 |    24 |       |       |       |       |       |       ||    40
       Skin              |       |       |     1 |       |       |       |       |       |       ||     1
       Scale mail        |       |       |    12 |   117 |   311 |   374 |   256 |    41 |       ||  1111
       Chain mail        |       |       |       |       |       |       |       |   320 |   404 ||   724
Dodge: Dodged            |    90 |    36 |    89 |   260 |   787 |  1016 |   694 |   783 |  1043 ||  4798
Block: Buckler           |       |       |    20 |    87 |   237 |   252 |   172 |   140 |       ||   908
       Shield            |       |       |       |       |       |       |       |   195 |   903 ||  1098
